[ AOE2 MATCH · #466636719 ]
UnrankedItalians vs Malay
[ REPLAY ANALYSIS · EXTRACTED FROM THE RECORDED GAME ]
Feudal
12:49
Castle
21:32
Imperial
36:45
| APM avg | 51.9 |
| APM peak | 99 |
| eAPM avg | 24.6 |
| Villagers / military | 109 / 89 |
Focus
⚔️ 34.8% · 🌾 65.2%
Archer ×52 · Spearman ×14 · Unknown (2626) ×13 · Galley ×10 · Fishing Ship ×9 · Demolition Raft ×6
Feudal
13:08
Castle
22:48
Imperial
—
| APM avg | 19.4 |
| APM peak | 39 |
| eAPM avg | 13.7 |
| Villagers / military | 73 / 179 |
Focus
⚔️ 34.3% · 🌾 65.7%
Karambit Warrior ×67 · Battle Elephant ×39 · Skirmisher ×37 · Fishing Ship ×22 · Spearman ×13 · Fire Galley ×7
Feudal
12:00
Castle
23:06
Imperial
35:21
| APM avg | 35.6 |
| APM peak | 95 |
| eAPM avg | 15.7 |
| Villagers / military | 67 / 35 |
Focus
⚔️ 25.7% · 🌾 74.3%
Spearman ×19 · Skirmisher ×16
Feudal
12:50
Castle
23:37
Imperial
30:36
| APM avg | 15.1 |
| APM peak | 27 |
| eAPM avg | 9.5 |
| Villagers / military | 107 / 26 |
Focus
⚔️ 22.1% · 🌾 77.9%
Fishing Ship ×8 · Hussite Wagon ×8 · Knight ×5 · Scout Cavalry ×5 · Unknown (2626) ×4 · Spearman ×3
Match map
Initial resources + every placement click. Lines = walls · curves = elevation contours. ◆ gold · ⬟ stone · ● berries · ✦ relic · ◌ wall gap
Your base· Open — unwalled flank
TimfakeNelson's base· Open — unwalled flank
[PLGRS]YaMmEr'23's base· Open — unwalled flank
Curbside Odin's base· Open — unwalled flank
Smoothed initial terrain · ◌ = detected wall gap · hover for details
Inputs per minute
— ohdarling_leo'11 - - TimfakeNelson
Build order — ohdarling_leo'11
First 150 of 327 actions detected
| 0:01 | Create | Villager (Male) |
| 0:02 | Create | Villager (Male) |
| 0:02 | Create | Villager (Male) |
| 0:03 | Build | House |
| 0:05 | Build | House |
| 0:06 | Create | Villager (Male) |
| 1:25 | Create | Villager (Male) |
| 1:46 | Build | Lumber Camp |
| 2:02 | Create | Villager (Male) |
| 2:17 | Create | Villager (Male) |
| 2:54 | Create | Villager (Male) |
| 3:03 | Create | Villager (Male) |
| 3:37 | Create | Villager (Male) |
| 3:40 | Research | Loom |
| 3:40 | Create | Villager (Male) |
| 4:02 | Create | Villager (Male) |
| 4:04 | Build | House |
| 4:53 | Create | Villager (Male) |
| 4:53 | Create | Villager (Male) |
| 5:09 | Build | Mill |
| 5:33 | Build | House |
| 5:50 | Create | Villager (Male) |
| 6:28 | Create | Villager (Male) |
| 6:28 | Create | Villager (Male) |
| 6:41 | Create | Villager (Male) |
| 7:09 | Build | House |
| 7:11 | Build | House |
| 7:17 | Build | Palisade Wall |
| 7:20 | Create | Villager (Male) |
| 7:25 | Create | Villager (Male) |
| 8:00 | Create | Villager (Male) |
| 8:08 | Build | Dock |
| 8:15 | Build | House |
| 8:41 | Create | Villager (Male) |
| 8:54 | Create | Fishing Ship |
| 8:55 | Create | Fishing Ship |
| 9:11 | Create | Villager (Male) |
| 9:26 | Build | Palisade Wall |
| 9:33 | Create | Fishing Ship |
| 9:39 | Build | House |
| 9:40 | Build | House |
| 9:44 | Build | House |
| 9:49 | Create | Villager (Male) |
| 9:51 | Build | Mining Camp |
| 9:59 | Create | Villager (Male) |
| 10:16 | Create | Fishing Ship |
| 10:23 | Build | Farm |
| 10:25 | Build | Farm |
| 10:30 | Research | Feudal Age |
| 10:54 | Build | Palisade Gate |
| 10:59 | Build | Palisade Wall |
| 11:00 | Build | Palisade Wall |
| 11:07 | Build | Barracks |
| 11:13 | Build | Palisade Wall |
| 11:21 | Build | Palisade Wall |
| 11:29 | Build | Palisade Wall |
| 12:15 | Build | Lumber Camp |
| 12:49 | Age | Feudal Age |
| 13:11 | Build | House |
| 13:37 | Create | Unit 2626 |
| 13:37 | Create | Unit 2626 |
| 13:38 | Create | Unit 2626 |
| 13:38 | Create | Unit 2626 |
| 13:50 | Build | Farm |
| 13:52 | Build | Farm |
| 13:53 | Research | Double-Bit Axe |
| 13:57 | Create | Villager (Male) |
| 13:57 | Create | Villager (Male) |
| 14:00 | Create | Demolition Raft |
| 14:32 | Create | Villager (Male) |
| 14:33 | Create | Villager (Male) |
| 14:34 | Build | Farm |
| 14:56 | Create | Villager (Male) |
| 14:58 | Build | Farm |
| 14:59 | Create | Villager (Male) |
| 15:03 | Build | Farm |
| 15:10 | Build | Farm |
| 15:20 | Create | Fishing Ship |
| 15:21 | Create | Fishing Ship |
| 15:29 | Create | Spearman |
| 15:29 | Create | Spearman |
| 16:46 | Create | Villager (Male) |
| 16:46 | Create | Villager (Male) |
| 16:46 | Create | Villager (Male) |
| 16:48 | Build | Farm |
| 16:50 | Build | Farm |
| 16:52 | Build | Farm |
| 16:53 | Research | Horse Collar |
| 17:21 | Create | Unit 2626 |
| 17:21 | Create | Unit 2626 |
| 17:22 | Create | Unit 2626 |
| 17:22 | Create | Unit 2626 |
| 17:22 | Create | Unit 2626 |
| 17:51 | Build | Archery Range |
| 17:58 | Build | Blacksmith |
| 18:38 | Create | Archer |
| 18:39 | Create | Archer |
| 18:39 | Create | Archer |
| 18:41 | Research | Fletching |
| 18:52 | Research | Castle Age |
| 18:54 | Create | Villager (Male) |
| 18:54 | Create | Villager (Male) |
| 18:54 | Create | Villager (Male) |
| 18:55 | Research | Gold Mining |
| 18:57 | Create | Archer |
| 18:57 | Create | Archer |
| 19:33 | Build | Dock |
| 19:42 | Create | Archer |
| 20:01 | Create | Demolition Raft |
| 20:39 | Create | Unit 2626 |
| 20:40 | Create | Unit 2626 |
| 20:40 | Create | Unit 2626 |
| 21:06 | Create | Demolition Raft |
| 21:06 | Create | Demolition Raft |
| 21:07 | Create | Demolition Raft |
| 21:11 | Create | Demolition Raft |
| 21:17 | Build | Farm |
| 21:27 | Create | Archer |
| 21:32 | Age | Castle Age |
| 21:41 | Research | Crossbowman (upgrade) |
| 21:49 | Build | Town Center |
| 21:56 | Create | Villager (Male) |
| 21:57 | Create | Villager (Male) |
| 22:27 | Research | War Galley (upgrade) |
| 22:29 | Create | Galley |
| 22:49 | Create | Archer |
| 23:14 | Create | Villager (Male) |
| 23:14 | Create | Villager (Male) |
| 23:16 | Create | Villager (Male) |
| 23:17 | Create | Villager (Male) |
| 23:17 | Create | Villager (Male) |
| 23:17 | Create | Villager (Male) |
| 23:32 | Create | Galley |
| 23:32 | Create | Galley |
| 23:32 | Create | Galley |
| 23:33 | Create | Galley |
| 24:19 | Build | House |
| 24:20 | Create | Archer |
| 24:20 | Create | Archer |
| 24:54 | Create | Archer |
| 25:00 | Create | Villager (Male) |
| 25:00 | Create | Villager (Male) |
| 25:00 | Create | Villager (Male) |
| 25:01 | Create | Villager (Male) |
| 25:03 | Build | Mining Camp |
| 25:13 | Build | House |
| 25:22 | Create | Archer |
| 25:31 | Create | Villager (Male) |
| 25:32 | Create | Villager (Male) |
| 25:32 | Create | Villager (Male) |
Build order — TimfakeNelson
First 150 of 301 actions detected
| 0:02 | Build | House |
| 0:04 | Build | House |
| 0:22 | Create | Villager (Male) ×4 |
| 0:27 | Build | House |
| 0:28 | Build | House |
| 1:35 | Build | Lumber Camp |
| 2:02 | Create | Villager (Male) |
| 2:30 | Create | Villager (Male) |
| 2:52 | Create | Villager (Male) |
| 3:15 | Create | Villager (Male) |
| 3:45 | Create | Villager (Male) |
| 4:12 | Create | Villager (Male) ×2 |
| 4:39 | Create | Villager (Male) |
| 4:52 | Create | Villager (Male) |
| 5:20 | Create | Villager (Male) |
| 5:32 | Build | Dock |
| 6:05 | Create | Villager (Male) |
| 6:06 | Create | Villager (Male) |
| 6:13 | Research | Loom |
| 6:14 | Create | Villager (Male) |
| 6:15 | Create | Villager (Male) |
| 6:25 | Create | Fishing Ship |
| 6:37 | Create | Villager (Male) |
| 7:03 | Create | Fishing Ship |
| 7:13 | Build | Mill |
| 7:40 | Build | House |
| 7:42 | Build | House |
| 7:43 | Build | House |
| 7:53 | Create | Villager (Male) |
| 7:58 | Create | Fishing Ship |
| 8:30 | Create | Villager (Male) |
| 8:30 | Create | Villager (Male) |
| 8:33 | Create | Villager (Male) |
| 8:35 | Create | Fishing Ship |
| 9:16 | Build | Mining Camp |
| 9:17 | Create | Fishing Ship |
| 9:19 | Create | Villager (Male) |
| 9:20 | Create | Villager (Male) |
| 9:43 | Create | Fishing Ship |
| 9:52 | Create | Villager (Male) |
| 9:52 | Create | Villager (Male) |
| 10:15 | Create | Villager (Male) |
| 10:25 | Create | Fishing Ship |
| 10:26 | Create | Fishing Ship |
| 10:41 | Create | Villager (Male) |
| 10:41 | Create | Villager (Male) |
| 10:52 | Build | Palisade Wall |
| 10:56 | Create | Villager (Male) |
| 11:15 | Build | Palisade Wall |
| 11:19 | Create | Villager (Male) |
| 11:39 | Create | Fishing Ship |
| 11:39 | Create | Fishing Ship |
| 11:44 | Research | Feudal Age |
| 11:54 | Create | Fishing Ship |
| 11:56 | Create | Villager (Male) |
| 11:57 | Create | Villager (Male) |
| 12:01 | Build | Mining Camp |
| 12:59 | Build | Barracks |
| 13:05 | Build | House |
| 13:06 | Build | House |
| 13:06 | Build | House |
| 13:08 | Age | Feudal Age |
| 13:32 | Create | Villager (Male) |
| 13:33 | Create | Villager (Male) |
| 13:37 | Research | Double-Bit Axe |
| 13:39 | Create | Demolition Raft |
| 13:43 | Create | Fishing Ship |
| 13:53 | Create | Villager (Male) |
| 13:54 | Create | Villager (Male) |
| 14:13 | Build | Lumber Camp |
| 14:16 | Create | Villager (Male) |
| 14:17 | Create | Villager (Male) |
| 14:18 | Create | Militia ×5 |
| 14:22 | Create | Spearman ×4 |
| 14:34 | Create | Spearman |
| 14:59 | Build | Stone Wall |
| 15:31 | Build | Stable |
| 15:51 | Create | Galley |
| 15:51 | Create | Galley |
| 16:02 | Create | Villager (Male) |
| 16:03 | Create | Villager (Male) |
| 16:38 | Create | Spearman |
| 16:38 | Create | Spearman |
| 16:39 | Create | Spearman |
| 16:39 | Create | Spearman |
| 16:41 | Create | Villager (Male) |
| 16:41 | Create | Villager (Male) |
| 17:15 | Build | Archery Range |
| 17:23 | Build | House |
| 17:27 | Create | Villager (Male) |
| 17:32 | Create | Fire Galley |
| 17:32 | Create | Fire Galley |
| 17:44 | Build | Dock |
| 17:51 | Build | House |
| 17:52 | Build | House |
| 17:52 | Build | House |
| 18:17 | Create | Villager (Male) |
| 18:18 | Create | Villager (Male) |
| 18:37 | Build | Farm |
| 18:37 | Build | Farm |
| 18:38 | Build | Farm |
| 18:38 | Build | Farm |
| 18:38 | Build | Farm |
| 18:53 | Create | Fire Galley |
| 18:54 | Create | Fire Galley |
| 18:56 | Create | Unit 2626 |
| 18:56 | Create | Unit 2626 |
| 19:07 | Create | Villager (Male) |
| 19:07 | Create | Villager (Male) |
| 19:52 | Build | Market |
| 19:55 | Build | Blacksmith |
| 20:07 | Create | Skirmisher ×5 |
| 20:12 | Create | Villager (Male) |
| 20:12 | Create | Villager (Male) |
| 20:58 | Create | Villager (Male) |
| 20:58 | Create | Villager (Male) |
| 21:12 | Research | Castle Age |
| 21:46 | Build | Stable |
| 21:55 | Create | Skirmisher |
| 21:55 | Create | Skirmisher |
| 21:55 | Create | Skirmisher |
| 21:58 | Create | Spearman |
| 21:59 | Create | Spearman |
| 21:59 | Create | Spearman |
| 21:59 | Create | Spearman |
| 22:20 | Build | Stone Wall |
| 22:31 | Build | Stone Wall |
| 22:48 | Age | Castle Age |
| 23:10 | Create | Battle Elephant ×3 |
| 23:18 | Build | Gate |
| 23:26 | Build | Castle |
| 23:57 | Create | Fire Galley |
| 24:00 | Create | Villager (Male) |
| 24:00 | Create | Villager (Male) |
| 24:00 | Create | Villager (Male) |
| 24:33 | Build | Dock |
| 24:35 | Build | Dock |
| 24:42 | Create | Fishing Ship |
| 24:42 | Create | Fishing Ship |
| 24:42 | Create | Fishing Ship |
| 24:43 | Create | Fishing Ship |
| 24:43 | Create | Fishing Ship |
| 24:43 | Create | Fishing Ship |
| 24:43 | Create | Fishing Ship |
| 24:44 | Create | Fishing Ship |
| 24:44 | Create | Fishing Ship |
| 24:44 | Create | Fishing Ship |
| 25:19 | Research | Thalassocracy |
| 25:37 | Build | Town Center |
| 25:50 | Create | Unit 2626 |
Build order — [PLGRS]YaMmEr'23
First 150 of 220 actions detected
| 0:04 | Build | House |
| 0:06 | Build | House |
| 0:08 | Create | Villager (Male) |
| 0:09 | Create | Villager (Male) |
| 0:09 | Create | Villager (Male) |
| 0:09 | Create | Villager (Male) |
| 1:34 | Create | Villager (Male) |
| 1:54 | Build | Lumber Camp |
| 2:30 | Create | Villager (Male) |
| 2:30 | Create | Villager (Male) |
| 3:04 | Create | Villager (Male) |
| 3:24 | Build | House |
| 3:44 | Create | Villager (Male) |
| 4:02 | Create | Villager (Male) |
| 4:25 | Create | Villager (Male) |
| 6:09 | Create | Villager (Male) |
| 6:09 | Create | Villager (Male) |
| 6:22 | Build | House |
| 6:40 | Create | Villager (Male) |
| 6:40 | Create | Villager (Male) |
| 7:02 | Create | Villager (Male) |
| 7:02 | Create | Villager (Male) |
| 7:03 | Create | Villager (Male) |
| 7:10 | Build | Mill |
| 7:20 | Create | Villager (Male) |
| 7:20 | Create | Villager (Male) |
| 7:50 | Create | Villager (Male) |
| 7:50 | Create | Villager (Male) |
| 7:51 | Create | Villager (Male) |
| 8:07 | Build | Palisade Wall |
| 8:15 | Build | Palisade Wall |
| 8:20 | Build | Palisade Wall |
| 8:36 | Create | Villager (Male) |
| 9:50 | Research | Feudal Age |
| 9:52 | Research | Loom |
| 10:05 | Build | House |
| 10:29 | Build | Barracks |
| 12:00 | Age | Feudal Age |
| 12:04 | Create | Villager (Male) |
| 12:04 | Create | Villager (Male) |
| 12:05 | Create | Villager (Male) |
| 12:30 | Build | Blacksmith |
| 12:36 | Create | Villager (Male) |
| 12:36 | Create | Villager (Male) |
| 12:50 | Build | Mining Camp |
| 14:36 | Build | Palisade Wall |
| 14:49 | Build | Gate |
| 15:14 | Create | Villager (Male) |
| 15:15 | Create | Villager (Male) |
| 15:15 | Create | Villager (Male) |
| 15:21 | Build | House |
| 15:39 | Create | Villager (Male) |
| 15:42 | Research | Double-Bit Axe |
| 16:21 | Create | Villager (Male) |
| 16:21 | Create | Villager (Male) |
| 16:22 | Create | Villager (Male) |
| 16:37 | Build | Farm |
| 16:39 | Build | Farm |
| 16:41 | Build | Farm |
| 16:46 | Build | Farm |
| 16:49 | Build | Farm |
| 16:53 | Build | Farm |
| 17:01 | Build | Farm |
| 17:11 | Build | House |
| 17:30 | Build | Farm |
| 17:33 | Build | Farm |
| 17:34 | Build | Farm |
| 17:36 | Build | Farm |
| 17:39 | Build | Farm |
| 17:41 | Build | Farm |
| 17:43 | Build | Farm |
| 17:55 | Build | Farm |
| 17:56 | Create | Villager (Male) |
| 17:56 | Create | Villager (Male) |
| 17:57 | Create | Villager (Male) |
| 18:18 | Build | Market |
| 18:30 | Build | Farm |
| 18:32 | Build | Farm |
| 18:36 | Build | Farm |
| 18:42 | Build | Farm |
| 18:55 | Build | Farm |
| 19:09 | Research | Wheelbarrow |
| 19:12 | Create | Villager (Male) |
| 19:12 | Create | Villager (Male) |
| 19:12 | Create | Villager (Male) |
| 19:12 | Create | Villager (Male) |
| 20:02 | Research | Fletching |
| 20:17 | Research | Castle Age |
| 20:31 | Build | Stone Wall |
| 20:34 | Build | Stone Wall |
| 20:40 | Build | Stone Wall |
| 21:02 | Research | Gold Mining |
| 21:10 | Build | Mining Camp |
| 21:17 | Create | Spearman |
| 21:17 | Create | Spearman |
| 21:18 | Create | Spearman |
| 21:18 | Create | Spearman |
| 21:18 | Create | Spearman |
| 21:23 | Research | Scale Mail Armor |
| 21:24 | Research | Forging |
| 21:25 | Research | Padded Archer Armor |
| 22:42 | Build | House |
| 22:56 | Research | Arson |
| 23:06 | Age | Castle Age |
| 23:09 | Build | Stone Wall |
| 23:15 | Build | Stone Wall |
| 23:16 | Build | Stone Wall |
| 23:17 | Build | Stone Wall |
| 23:21 | Build | Stone Wall |
| 23:33 | Research | Bow Saw |
| 23:35 | Create | Villager (Male) |
| 23:35 | Create | Villager (Male) |
| 23:35 | Create | Villager (Male) |
| 23:36 | Create | Villager (Male) |
| 23:44 | Build | House |
| 23:54 | Research | Chain Mail Armor |
| 23:55 | Research | Iron Casting |
| 24:07 | Research | Pikeman (upgrade) |
| 24:08 | Research | Squires |
| 24:54 | Create | Spearman |
| 24:54 | Create | Spearman |
| 24:54 | Create | Spearman |
| 24:55 | Create | Spearman |
| 24:55 | Create | Spearman |
| 24:55 | Create | Spearman |
| 24:55 | Create | Spearman |
| 26:52 | Build | Farm |
| 26:58 | Build | House |
| 27:04 | Build | Farm |
| 27:10 | Build | House |
| 27:12 | Build | House |
| 27:15 | Build | House |
| 27:30 | Research | Gold Shaft Mining |
| 27:31 | Create | Villager (Male) |
| 27:32 | Create | Villager (Male) |
| 27:32 | Create | Villager (Male) |
| 27:32 | Create | Villager (Male) |
| 27:43 | Build | Farm |
| 28:05 | Research | Stone Mining |
| 28:20 | Build | Town Center |
| 28:34 | Build | Stone Wall |
| 28:43 | Build | Stone Wall |
| 29:12 | Build | Stone Wall |
| 29:36 | Create | Spearman |
| 29:36 | Create | Spearman |
| 29:36 | Create | Spearman |
| 29:36 | Create | Spearman |
| 29:37 | Create | Spearman |
| 29:37 | Create | Spearman |
| 29:37 | Create | Spearman |
Build order — Curbside Odin
First 150 of 227 actions detected
| 0:04 | Create | Villager (Male) |
| 0:04 | Create | Villager (Male) |
| 0:04 | Create | Villager (Male) |
| 0:05 | Create | Villager (Male) |
| 0:12 | Build | House |
| 0:27 | Build | House |
| 0:29 | Build | House |
| 1:47 | Create | Villager (Male) |
| 1:47 | Create | Villager (Male) |
| 2:24 | Create | Villager (Male) |
| 2:57 | Create | Villager (Male) |
| 3:13 | Create | Villager (Male) |
| 3:27 | Create | Villager (Male) |
| 4:20 | Create | Villager (Male) |
| 4:20 | Create | Villager (Male) |
| 4:21 | Create | Villager (Male) |
| 4:56 | Create | Villager (Male) |
| 4:56 | Create | Villager (Male) |
| 4:57 | Create | Villager (Male) |
| 5:31 | Build | Lumber Camp |
| 6:05 | Create | Villager (Male) |
| 6:06 | Create | Villager (Male) |
| 6:11 | Build | House |
| 6:13 | Build | House |
| 6:14 | Build | House |
| 6:30 | Create | Villager (Male) |
| 6:31 | Create | Villager (Male) |
| 6:31 | Create | Villager (Male) |
| 7:06 | Create | Villager (Male) |
| 7:06 | Create | Villager (Male) |
| 7:07 | Create | Villager (Male) |
| 7:39 | Create | Villager (Male) |
| 7:40 | Create | Villager (Male) |
| 8:12 | Create | Villager (Male) |
| 8:12 | Create | Villager (Male) |
| 8:47 | Build | Dock |
| 9:15 | Build | Mill |
| 9:24 | Build | Mining Camp |
| 9:34 | Create | Fishing Ship |
| 9:34 | Create | Fishing Ship |
| 10:01 | Research | Loom |
| 10:08 | Research | Feudal Age |
| 10:37 | Build | Barracks |
| 11:12 | Create | Villager (Male) |
| 11:12 | Create | Villager (Male) |
| 11:12 | Create | Villager (Male) |
| 11:13 | Create | Villager (Male) |
| 11:18 | Create | Villager (Male) |
| 11:18 | Create | Villager (Male) |
| 11:36 | Build | Farm |
| 11:40 | Create | Fishing Ship |
| 11:41 | Create | Fishing Ship |
| 12:21 | Build | Farm |
| 12:28 | Build | Farm |
| 12:41 | Build | Farm |
| 12:50 | Age | Feudal Age |
| 12:53 | Research | Double-Bit Axe |
| 13:06 | Create | Fire Galley |
| 13:12 | Create | Villager (Male) |
| 13:28 | Build | House |
| 13:30 | Build | House |
| 13:32 | Build | House |
| 14:11 | Research | Horse Collar |
| 14:24 | Create | Villager (Male) |
| 14:40 | Build | Mining Camp |
| 15:00 | Build | Stone Wall |
| 15:09 | Create | Spearman |
| 15:09 | Create | Spearman |
| 15:10 | Create | Spearman |
| 15:23 | Build | Gate |
| 15:46 | Build | Stone Wall |
| 15:54 | Build | Stone Wall |
| 16:00 | Create | Villager (Male) |
| 16:00 | Create | Villager (Male) |
| 16:01 | Research | Wheelbarrow |
| 16:07 | Research | Tech 906 |
| 16:08 | Create | Fishing Ship |
| 16:08 | Create | Fishing Ship |
| 17:26 | Create | Unit 2626 |
| 17:26 | Create | Unit 2626 |
| 17:26 | Create | Unit 2626 |
| 17:27 | Create | Unit 2626 |
| 18:07 | Create | Villager (Male) |
| 18:07 | Create | Villager (Male) |
| 18:08 | Create | Villager (Male) |
| 18:20 | Build | Market |
| 18:23 | Build | Blacksmith |
| 18:38 | Build | Farm |
| 18:38 | Build | Farm |
| 18:39 | Build | Farm |
| 19:15 | Build | Farm |
| 19:42 | Build | Stable |
| 19:54 | Create | Villager (Male) |
| 20:12 | Build | Farm |
| 20:29 | Create | Fishing Ship |
| 20:29 | Create | Fishing Ship |
| 20:57 | Research | Castle Age |
| 21:03 | Build | Farm |
| 21:21 | Build | House |
| 21:22 | Build | House |
| 21:23 | Build | House |
| 21:25 | Build | House |
| 21:26 | Build | House |
| 21:27 | Build | House |
| 21:33 | Research | Fletching |
| 22:24 | Research | Scale Barding Armor |
| 22:26 | Research | Forging |
| 23:37 | Age | Castle Age |
| 23:40 | Build | Town Center |
| 23:54 | Create | Knight |
| 23:55 | Create | Knight |
| 23:55 | Create | Knight |
| 23:55 | Create | Knight |
| 23:56 | Create | Knight |
| 24:46 | Build | Castle |
| 24:50 | Build | House |
| 24:51 | Build | House |
| 24:52 | Build | House |
| 24:54 | Build | House |
| 25:21 | Build | House |
| 25:27 | Build | House |
| 25:32 | Build | House |
| 25:51 | Research | Light Cavalry (upgrade) |
| 26:34 | Build | Siege Workshop |
| 26:36 | Create | Villager (Male) |
| 26:36 | Create | Villager (Male) |
| 26:36 | Create | Villager (Male) |
| 27:05 | Research | Imperial Age |
| 27:20 | Build | Lumber Camp |
| 27:52 | Create | Villager (Male) |
| 27:52 | Create | Villager (Male) |
| 27:53 | Create | Villager (Male) |
| 27:53 | Create | Villager (Male) |
| 27:54 | Create | Villager (Male) |
| 28:15 | Create | Hussite Wagon |
| 28:18 | Create | Petard |
| 28:28 | Create | Battering Ram |
| 28:48 | Create | Villager (Male) |
| 28:49 | Create | Villager (Male) |
| 28:49 | Create | Villager (Male) |
| 29:10 | Build | Farm |
| 29:11 | Build | Farm |
| 29:11 | Build | Farm |
| 29:11 | Build | Farm |
| 29:11 | Build | Farm |
| 29:35 | Create | Hussite Wagon |
| 29:35 | Create | Hussite Wagon |
| 30:20 | Create | Scout Cavalry |
| 30:20 | Create | Scout Cavalry |
| 30:20 | Create | Scout Cavalry |
Match timeline
| 5:32 | TimfakeNelson · first_building Dock |
| 7:17 | ohdarling_leo'11 · wall_segment Palisade Wall x5 |
| 8:07 | [PLGRS]YaMmEr'23 · wall_segment Palisade Wall x13 |
| 8:08 | ohdarling_leo'11 · first_building Dock |
| 8:15 | [PLGRS]YaMmEr'23 · wall_segment Palisade Wall x1 |
| 8:20 | [PLGRS]YaMmEr'23 · wall_segment Palisade Wall x10 |
| 8:47 | Curbside Odin · first_building Dock |
| 9:26 | ohdarling_leo'11 · wall_segment Palisade Wall x9 |
| 10:29 | [PLGRS]YaMmEr'23 · first_building Barracks |
| 10:37 | Curbside Odin · first_building Barracks |
| 10:52 | TimfakeNelson · wall_segment Palisade Wall x8 |
| 10:59 | ohdarling_leo'11 · wall_segment Palisade Wall x1 |
| 11:00 | ohdarling_leo'11 · wall_segment Palisade Wall x2 |
| 11:07 | ohdarling_leo'11 · first_building Barracks |
| 11:13 | ohdarling_leo'11 · wall_segment Palisade Wall x2 |
| 11:15 | TimfakeNelson · wall_segment Palisade Wall x8 |
| 11:21 | ohdarling_leo'11 · wall_segment Palisade Wall x2 |
| 11:29 | ohdarling_leo'11 · wall_segment Palisade Wall x7 |
| 12:00 | [PLGRS]YaMmEr'23 · age_up feudal |
| 12:49 | ohdarling_leo'11 · age_up feudal |
| 12:50 | Curbside Odin · age_up feudal |
| 12:59 | TimfakeNelson · first_building Barracks |
| 13:08 | TimfakeNelson · age_up feudal |
| 14:36 | [PLGRS]YaMmEr'23 · wall_segment Palisade Wall x10 |
| 14:59 | TimfakeNelson · wall_segment Stone Wall x11 |
| 15:00 | Curbside Odin · wall_segment Stone Wall x15 |
| 15:31 | TimfakeNelson · first_building Stable |
| 15:46 | Curbside Odin · wall_segment Stone Wall x1 |
| 15:54 | Curbside Odin · wall_segment Stone Wall x17 |
| 17:15 | TimfakeNelson · first_building Archery Range |
| 17:51 | ohdarling_leo'11 · first_building Archery Range |
| 19:42 | Curbside Odin · first_building Stable |
| 20:31 | [PLGRS]YaMmEr'23 · wall_segment Stone Wall x1 |
| 20:34 | [PLGRS]YaMmEr'23 · wall_segment Stone Wall x1 |
| 20:40 | [PLGRS]YaMmEr'23 · wall_segment Stone Wall x6 |
| 21:00 | TimfakeNelson · first_market_sell 100 wood |
| 21:03 | TimfakeNelson · first_market_buy 100 food |
| 21:32 | ohdarling_leo'11 · age_up castle |
| 22:20 | TimfakeNelson · wall_segment Stone Wall x7 |
| 22:31 | TimfakeNelson · wall_segment Stone Wall x15 |
| 22:48 | TimfakeNelson · age_up castle |
| 23:06 | [PLGRS]YaMmEr'23 · age_up castle |
| 23:09 | [PLGRS]YaMmEr'23 · wall_segment Stone Wall x12 |
| 23:15 | [PLGRS]YaMmEr'23 · wall_segment Stone Wall x1 |
| 23:16 | [PLGRS]YaMmEr'23 · wall_segment Stone Wall x1 |
| 23:17 | [PLGRS]YaMmEr'23 · wall_segment Stone Wall x1 |
| 23:21 | [PLGRS]YaMmEr'23 · wall_segment Stone Wall x4 |
| 23:26 | TimfakeNelson · first_building Castle |
| 23:37 | Curbside Odin · age_up castle |
| 24:46 | Curbside Odin · first_building Castle |
| 26:34 | Curbside Odin · first_building Siege Workshop |
| 27:11 | Curbside Odin · first_market_buy 100 wood |
| 28:30 | TimfakeNelson · wall_segment Stone Wall x7 |
| 28:34 | [PLGRS]YaMmEr'23 · wall_segment Stone Wall x1 |
| 28:43 | [PLGRS]YaMmEr'23 · wall_segment Stone Wall x15 |
| 29:12 | [PLGRS]YaMmEr'23 · wall_segment Stone Wall x1 |
| 29:53 | [PLGRS]YaMmEr'23 · first_building Castle |
| 30:36 | Curbside Odin · age_up imperial |
| 32:22 | [PLGRS]YaMmEr'23 · first_building Archery Range |
| 32:58 | ohdarling_leo'11 · first_building Monastery |
| 34:02 | ohdarling_leo'11 · first_building Castle |
| 35:21 | [PLGRS]YaMmEr'23 · age_up imperial |
| 36:45 | ohdarling_leo'11 · age_up imperial |
| 41:21 | ohdarling_leo'11 · resign |
[ AI ANALYSIS · 1 CREDIT ]
What really happened in this match?
Wolo.gg analyzes every decision: build order, eco, micro, common mistakes by bracket. Personalized analysis on WhatsApp or Discord in 30 seconds.
Civ guide
Italians
Perfil
Jugador #290109